 Dungeon Crawl Stone Soup version 0.29-a0-330-g52719c12eb (webtiles) character file.

Game seed: 4529677414884760223

3910 sanka the Grappler (level 10, -2/81 HPs)
             Began as a Gnoll Cinder Acolyte on Apr 14, 2022.
             Was a High Priest of Ignis.
             Slain by a death yak (17 damage)
             ... on level 7 of the Dungeon.
             The game lasted 00:18:26 (9805 turns).

sanka the Grappler (Gnoll Cinder Acolyte)           Turns: 9805, Time: 00:18:27

Health: -2/81      AC: 11    Str: 14    XL:     10   Next: 20%
Magic:  18/18      EV: 13    Int: 19    God:    Ignis [*****.]
Gold:   37         SH:  0    Dex: 12    Spells: 18/20 levels left

rFire   + + +      SeeInvis .   b - staff of fire
rCold   + . .      Faith    .   (no shield)
rNeg    . . .      Spirit   .   P - +0 steam dragon scales
rPois   .          Reflect  .   (no helmet)
rElec   .          Harm     .   a - scarf {rC+ rF+}
rCorr   .          Rampage  .   (no gloves)
Will    .....                   o - +0 pair of boots
Stlth   +++.......              J - amulet of regeneration
HPRegen 1.03/turn               u - +6 ring of intelligence
MPRegen 0.16/turn               A - +4 ring of protection

@: no status effects
A: fangs 1, strong nose, distributed training
a: Renounce Religion, Fiery Armour, Foxfire Swarm, Rising Flame


You were on level 7 of the Dungeon.
You worshipped Ignis.
Ignis was extremely pleased with you.
You visited 2 branches of the dungeon, and saw 9 of its levels.
You also visited: Sewer and Ossuary.

You collected 657 gold pieces.
You spent 620 gold pieces at shops.


Innate Abilities, Weirdness & Mutations

You have very sharp teeth.
Your uncanny sense of smell can sniff out nearby items.
Your experience applies equally to all skills.


   Skills:
 + Level 8.3 Fighting
 + Level 5.0 Short Blades
 + Level 5.0 Long Blades
 + Level 5.0 Axes
 + Level 5.0 Maces & Flails
 + Level 5.0 Polearms
 + Level 5.0 Staves
 + Level 5.0 Slings
 + Level 5.0 Bows
 + Level 5.0 Crossbows
 + Level 5.0 Throwing
 + Level 5.0 Armour
 + Level 5.0 Dodging
 + Level 5.0 Stealth
 + Level 5.0 Shields
 + Level 8.3 Unarmed Combat
 + Level 5.8 Spellcasting
 + Level 4.1 Conjurations
 + Level 4.1 Hexes
 + Level 4.1 Summonings
 + Level 4.1 Necromancy
 + Level 4.1 Translocations
 + Level 4.1 Transmutations
 + Level 7.0 Fire Magic
 + Level 4.1 Ice Magic
 + Level 4.1 Air Magic
 + Level 4.1 Earth Magic
 + Level 4.1 Poison Magic
 + Level 5.5 Invocations
 + Level 5.0 Evocations


You had 18 spell levels left.
You knew the following spells:

 Your Spells              Type           Power      Damage    Failure   Level
y - Scorch                Fire           96%        2d9       1%          2

Your spell library contained the following spells:

 Spells                   Type           Power      Damage    Failure   Level
 Slow                     Hex            84%        N/A       1%          1
 Sublimation of Blood     Necr           21%        N/A       3%          2
 Wereblood                Tmut           21%        N/A       3%          2
 Confusing Touch          Hex            21%        N/A       6%          3
 Ozocubu's Armour         Ice            21%        N/A       6%          3
 Vampiric Draining        Necr           21%        2d7       6%          3
 Ozocubu's Refrigeration  Ice            10%        4d7       100%        7
 Summon Hydra             Summ           10%        N/A       100%        7

Inventory:

Hand Weapons
 K - a +4 great sword
Missiles
 q - 10 boomerangs
Armour
 a - a scarf of resistance (worn)
 o - a +0 pair of boots (worn)
 P - +0 steam dragon scales (worn)
Magical Staves
 b - a staff of fire (weapon)
Jewellery
 s - the ring "Penee" {rC+ Will+ rCorr}

   [ring of resist corrosion]

   rC:        It protects you from cold.
   rCorr:     It protects you from acid and corrosion.
   Will:      It increases your willpower.
 u - a +6 ring of intelligence (left hand)
 A - a +4 ring of protection (right hand)
 C - a ring of positive energy
 J - an amulet of regeneration (around neck)
Wands
 B - a wand of polymorph (13)
 D - a wand of iceblast (7)
 I - a wand of paralysis (7)
 M - a wand of digging (7)
Scrolls
 d - 3 scrolls of immolation {!r}
 e - 4 scrolls of enchant armour
 f - a scroll of teleportation {@r4}
 k - a scroll of silence {!r}
 n - 2 scrolls of vulnerability {!r}
 p - 3 scrolls of blinking
 r - 3 scrolls of fear
 t - 2 scrolls of summoning
 w - a scroll of fog
 y - a scroll of magic mapping {unknown}
 H - a scroll of amnesia
 N - a scroll of enchant weapon {unknown}
Potions
 c - 2 potions of resistance {unknown}
 g - 2 potions of brilliance {unknown}
 h - 3 potions of cancellation {unknown}
 i - 5 potions of attraction {unknown}
 j - a potion of mutation {unknown}
 l - 4 potions of curing {unknown}
 m - a potion of ambrosia {unknown}
 v - 3 potions of magic {unknown}
 x - 3 potions of heal wounds {unknown}
 E - 3 potions of degeneration {unknown}
 F - a potion of flight {unknown}
 G - 2 potions of invisibility {unknown}
 L - a potion of lignification {unknown}

Dungeon Overview and Level Annotations

Branches:
Dungeon (8/15)             Temple (1/1) D:4           Sewer (visited)
Ossuary (visited)
   Lair: D:8-11

Altars:
Ashenzari
Cheibriados
Dithmenos
Elyvilon
Fedhas
Gozag
Hepliaklqana
Kikubaaqudgha
Makhleb
Nemelex Xobeh
Okawaru
Qazlal
Sif Muna
Trog
Uskayaw
Vehumet
Wu Jian
Xom
Yredelemnul
Zin
The Shining One

Shops:
D:5

* .▒ ▒.............▒▒▒▒▒▒ ▒.▒ ▒▒[
.▒▒▒........))...▒ ▒.▒ ▒.
.▒....▒▒▒▒▒▒..<[.▒ ▒▒▒▒▒.▒▒▒▒▒▒.
▒..▒..▒▒ ▒.)▒▒▒.▒ ▒......▒▒....
▒......▒ ▒.▒▒ ▒.▒ ▒.........▒▒.
▒......▒▒▒▒(▒ ▒.▒ ▒......▒▒▒▒▒.
.....)...[).▒▒ ▒.▒ ▒......▒ ▒▒..
▒......▒.....▒ ▒.▒ ▒......▒▒▒..▒
▒............▒ ▒g▒▒ ▒......▒▒....
▒.....[.▒..[.▒▒▒Y.▒▒▒...........(
▒.....>................▒▒▒▒▒▒▒...
▒......▒▒..............▒▒▒▒▒▒▒...
.)...▒▒▒▒▒▒▒▒....................
....▒▒▒▒▒▒▒▒▒▒▒▒▒▒......▒▒▒▒▒▒...
........[..........▒▒▒▒▒▒ ▒...
....▒▒▒▒▒▒▒▒▒▒▒▒▒▒▒▒ ▒... (...▒
▒...


You could see a death yak.


Message History

You climb upwards.
There is a stone staircase leading down, spattered with blood here.
Unknown command.
b - a staff of fire (weapon)
The death yak gores you!!
You throw a javelin.
The javelin pierces through the death yak!
The death yak is moderately wounded.
The death yak gores you.
* * * LOW HITPOINT WARNING * * *
You throw a javelin.
The javelin pierces through the death yak!
The death yak is moderately wounded.
The death yak gores you!
* * * LOW HITPOINT WARNING * * *
Unknown command.
The death yak attacks as you move away! The death yak gores you!
* * * LOW HITPOINT WARNING * * *
The death yak attacks as you move away! The death yak gores you.
* * * LOW HITPOINT WARNING * * *
The death yak attacks as you move away! The death yak closely misses you.
The death yak attacks as you move away! The death yak gores you!
* * * LOW HITPOINT WARNING * * *
The death yak attacks as you move away! The death yak gores you!
You die...

Action                   |  1- 3 |  4- 6 |  7- 9 | 10-12 || total
-------------------------+-------+-------+-------+-------++-------
Melee: Unarmed           |    79 |   146 |   162 |    17 ||   404
       Bite              |     4 |    17 |    18 |     3 ||    42
       Punch             |     2 |    12 |     9 |     2 ||    25
       Staff             |       |       |    17 |     9 ||    26
Throw: Javelin           |       |       |       |     6 ||     6
 Cast: Scorch            |     4 |    28 |   103 |    32 ||   167
Evoke: Wand              |       |       |     1 |       ||     1
  Use: Scroll            |       |       |    12 |       ||    12
 Stab: Sleeping          |       |     2 |       |       ||     2
Armor: Robe              |    16 |    15 |    60 |    24 ||   115
       Steam dragon scal |       |       |       |     3 ||     3
Dodge: Dodged            |    50 |    51 |   131 |    33 ||   265

Levels and vault maps discovered:
D:1:      dpeg_arrival_subterranean_lakeside_camping, layout_basic,
          shapermc_ecumenical_altar_notcrosses
D:2:      minmay_chambers_of_ones, layout_loops_cross
D:3:      layout_rooms, serial_forest, infiniplex_forest_clump_medium,
          infiniplex_forest_zigzag_2, infiniplex_forest_clump_long,
          infiniplex_forest_clump_long, infiniplex_forest_clump_double
D:4:      layout_basic, minmay_temple_entry_stoned_glass, gup_sewer_entry_glass,
          kennysheep_cluttered_room
D:5:      layout_cave_pools, serial_column_ruins, column_ruins_hut,
          column_ruins_hut, column_ruins_open_small,
          column_ruins_columns_straight, column_ruins_columns_straight,
          column_ruins_open_small, column_ruins_open_small,
          kennysheep_crisscross, minmay_misc_feat_five, st_stairs_10,
          nicolae_shop_sticking_my_neck_out
D:6:      layout_loops_ring, enter_ossuary_3, minmay_misc_feat_room,
          dreamdust_wishing_well, minmay_misc_feat_rows,
          kennysheep_small_spiral, uniq_menkaure
D:7:      layout_rooms, uniq_pikel
D:8:      layout_rooms, dpeg_lair_monsters, introduction_to_nature_2
Temple:   mainiacjoe_temple_hex_bubbles

Notes
Turn   | Place    | Note
-------+----------+-------------------------------------------
     0 | D:1      | sanka the Gnoll Cinder Acolyte began the quest for the Orb.
     0 | D:1      | Reached XP level 1. HP: 23/23 MP: 4/4
   160 | D:1      | Reached XP level 2. HP: 26/29 MP: 5/5
   168 | D:1      | Learned a level 2 spell: Scorch
   192 | D:1      | Found a faded altar of an unknown god.
   611 | D:1      | Reached XP level 3. HP: 33/35 MP: 7/7
   959 | D:2      | Reached skill level 1 in Invocations
  1143 | D:2      | Reached skill level 1 in Short Blades
  1143 | D:2      | Reached skill level 1 in Long Blades
  1143 | D:2      | Reached skill level 1 in Axes
  1143 | D:2      | Reached skill level 1 in Maces & Flails
  1143 | D:2      | Reached skill level 1 in Polearms
  1143 | D:2      | Reached skill level 1 in Staves
  1143 | D:2      | Reached skill level 1 in Slings
  1143 | D:2      | Reached skill level 1 in Bows
  1143 | D:2      | Reached skill level 1 in Crossbows
  1143 | D:2      | Reached skill level 1 in Throwing
  1143 | D:2      | Reached skill level 1 in Armour
  1143 | D:2      | Reached skill level 1 in Dodging
  1143 | D:2      | Reached skill level 1 in Stealth
  1143 | D:2      | Reached skill level 1 in Shields
  1143 | D:2      | Reached skill level 1 in Evocations
  1143 | D:2      | Reached XP level 4. HP: 35/41 MP: 3/8
  1614 | D:2      | Reached skill level 3 in Spellcasting
  2567 | D:4      | Found a staircase to the Ecumenical Temple.
  2575 | D:4      | Reached skill level 1 in Conjurations
  2575 | D:4      | Reached skill level 1 in Hexes
  2575 | D:4      | Reached skill level 1 in Summonings
  2575 | D:4      | Reached skill level 1 in Necromancy
  2575 | D:4      | Reached skill level 1 in Translocations
  2575 | D:4      | Reached skill level 1 in Transmutations
  2575 | D:4      | Reached skill level 1 in Ice Magic
  2575 | D:4      | Reached skill level 1 in Air Magic
  2575 | D:4      | Reached skill level 1 in Earth Magic
  2575 | D:4      | Reached skill level 1 in Poison Magic
  2578 | D:4      | Identified the ring "Penee" {rC+ Will+ rCorr}
  2630 | D:4      | Reached XP level 5. HP: 33/47 MP: 9/9
  2708 | D:4      | Found a glowing drain.
  2914 | Sewer    | Entered a sewer
  3050 | Sewer    | Noticed Pargi
  3057 | Sewer    | Killed Pargi
  3058 | Sewer    | Reached skill level 2 in Invocations
  3058 | Sewer    | Reached XP level 6. HP: 21/53 MP: 3/11
  3394 | D:4      | Reached skill level 2 in Short Blades
  3394 | D:4      | Reached skill level 2 in Long Blades
  3394 | D:4      | Reached skill level 2 in Axes
  3394 | D:4      | Reached skill level 2 in Maces & Flails
  3394 | D:4      | Reached skill level 2 in Polearms
  3394 | D:4      | Reached skill level 2 in Staves
  3394 | D:4      | Reached skill level 2 in Slings
  3394 | D:4      | Reached skill level 2 in Bows
  3394 | D:4      | Reached skill level 2 in Crossbows
  3394 | D:4      | Reached skill level 2 in Throwing
  3394 | D:4      | Reached skill level 2 in Armour
  3394 | D:4      | Reached skill level 2 in Dodging
  3394 | D:4      | Reached skill level 2 in Stealth
  3394 | D:4      | Reached skill level 2 in Shields
  3394 | D:4      | Reached skill level 2 in Evocations
  4193 | Temple   | Entered the Ecumenical Temple
  4487 | D:5      | Entered Level 5 of the Dungeon
  4487 | D:5      | Noticed a black bear
  4487 | D:5      | Noticed a water moccasin
  4493 | D:4      | Killed a water moccasin
  4494 | D:4      | Reached XP level 7. HP: 51/59 MP: 3/12
  4724 | D:5      | Reached skill level 7 in Fighting
  4724 | D:5      | Reached skill level 7 in Unarmed Combat
  4970 | D:5      | Found Suuphaedd's Neck Hole.
  5015 | D:5      | Reached skill level 2 in Conjurations
  5015 | D:5      | Reached skill level 2 in Hexes
  5015 | D:5      | Reached skill level 2 in Summonings
  5015 | D:5      | Reached skill level 2 in Necromancy
  5015 | D:5      | Reached skill level 2 in Translocations
  5015 | D:5      | Reached skill level 2 in Transmutations
  5015 | D:5      | Reached skill level 2 in Ice Magic
  5015 | D:5      | Reached skill level 2 in Air Magic
  5015 | D:5      | Reached skill level 2 in Earth Magic
  5015 | D:5      | Reached skill level 2 in Poison Magic
  5107 | D:6      | Noticed Menkaure
  5112 | D:6      | Killed Menkaure
  5113 | D:6      | Reached skill level 3 in Invocations
  5160 | D:6      | Reached skill level 4 in Spellcasting
  5166 | D:6      | Reached skill level 6 in Fire Magic
  5166 | D:6      | Reached XP level 8. HP: 31/67 MP: 1/14
  5187 | D:6      | Reached skill level 3 in Short Blades
  5187 | D:6      | Reached skill level 3 in Long Blades
  5187 | D:6      | Reached skill level 3 in Axes
  5187 | D:6      | Reached skill level 3 in Maces & Flails
  5187 | D:6      | Reached skill level 3 in Polearms
  5187 | D:6      | Reached skill level 3 in Staves
  5187 | D:6      | Reached skill level 3 in Slings
  5187 | D:6      | Reached skill level 3 in Bows
  5187 | D:6      | Reached skill level 3 in Crossbows
  5187 | D:6      | Reached skill level 3 in Throwing
  5187 | D:6      | Reached skill level 3 in Armour
  5187 | D:6      | Reached skill level 3 in Dodging
  5187 | D:6      | Reached skill level 3 in Stealth
  5187 | D:6      | Reached skill level 3 in Shields
  5187 | D:6      | Reached skill level 3 in Evocations
  5221 | D:6      | Found a sand-covered staircase.
  5245 | Ossuary  | Entered an ossuary
  6909 | D:6      | Reached skill level 4 in Invocations
  7015 | D:5      | Reached skill level 3 in Conjurations
  7015 | D:5      | Reached skill level 3 in Hexes
  7015 | D:5      | Reached skill level 3 in Summonings
  7015 | D:5      | Reached skill level 3 in Necromancy
  7015 | D:5      | Reached skill level 3 in Translocations
  7015 | D:5      | Reached skill level 3 in Transmutations
  7015 | D:5      | Reached skill level 3 in Ice Magic
  7015 | D:5      | Reached skill level 3 in Air Magic
  7015 | D:5      | Reached skill level 3 in Earth Magic
  7015 | D:5      | Reached skill level 3 in Poison Magic
  7365 | D:5      | Reached XP level 9. HP: 64/72 MP: 7/16
  7610 | D:5      | Bought an amulet of regeneration for 300 gold pieces
  7861 | D:6      | Reached skill level 4 in Short Blades
  7861 | D:6      | Reached skill level 4 in Long Blades
  7861 | D:6      | Reached skill level 4 in Axes
  7861 | D:6      | Reached skill level 4 in Maces & Flails
  7861 | D:6      | Reached skill level 4 in Polearms
  7861 | D:6      | Reached skill level 4 in Staves
  7861 | D:6      | Reached skill level 4 in Slings
  7861 | D:6      | Reached skill level 4 in Bows
  7861 | D:6      | Reached skill level 4 in Crossbows
  7861 | D:6      | Reached skill level 4 in Throwing
  7861 | D:6      | Reached skill level 4 in Armour
  7861 | D:6      | Reached skill level 4 in Dodging
  7861 | D:6      | Reached skill level 4 in Stealth
  7861 | D:6      | Reached skill level 4 in Shields
  7861 | D:6      | Reached skill level 5 in Spellcasting
  7861 | D:6      | Reached skill level 4 in Evocations
  8570 | D:7      | Noticed Pikel
  8771 | D:7      | Reached skill level 8 in Fighting
  8771 | D:7      | Reached skill level 8 in Unarmed Combat
  9002 | D:7      | Killed Pikel
  9003 | D:7      | Reached skill level 5 in Invocations
  9069 | D:5      | Bought a scarf of resistance for 320 gold pieces
  9128 | D:7      | Reached XP level 10. HP: 80/80 MP: 11/18
  9228 | D:7      | Reached skill level 4 in Conjurations
  9228 | D:7      | Reached skill level 4 in Hexes
  9228 | D:7      | Reached skill level 4 in Summonings
  9228 | D:7      | Reached skill level 4 in Necromancy
  9228 | D:7      | Reached skill level 4 in Translocations
  9228 | D:7      | Reached skill level 4 in Transmutations
  9228 | D:7      | Reached skill level 4 in Ice Magic
  9228 | D:7      | Reached skill level 4 in Air Magic
  9228 | D:7      | Reached skill level 4 in Earth Magic
  9228 | D:7      | Reached skill level 4 in Poison Magic
  9618 | D:8      | Identified +0 steam dragon scales
  9619 | D:8      | Reached skill level 5 in Short Blades
  9619 | D:8      | Reached skill level 5 in Long Blades
  9619 | D:8      | Reached skill level 5 in Axes
  9619 | D:8      | Reached skill level 5 in Maces & Flails
  9619 | D:8      | Reached skill level 5 in Polearms
  9619 | D:8      | Reached skill level 5 in Staves
  9619 | D:8      | Reached skill level 5 in Slings
  9619 | D:8      | Reached skill level 5 in Bows
  9619 | D:8      | Reached skill level 5 in Crossbows
  9619 | D:8      | Reached skill level 5 in Throwing
  9619 | D:8      | Reached skill level 5 in Armour
  9619 | D:8      | Reached skill level 5 in Dodging
  9619 | D:8      | Reached skill level 5 in Stealth
  9619 | D:8      | Reached skill level 5 in Shields
  9619 | D:8      | Reached skill level 5 in Evocations
  9747 | D:8      | Reached skill level 7 in Fire Magic
  9771 | D:8      | Noticed a death yak
  9773 | D:8      | Noticed a death yak
  9774 | D:8      | Noticed a death yak
  9774 | D:8      | Noticed a death yak
  9774 | D:8      | Noticed a death yak
  9805 | D:7      | Slain by a death yak

Vanquished Creatures
  Pikel (D:7)
  A steam dragon (D:8)
  Menkaure (D:6)
  3 water moccasins
  An orc warrior (D:7)
  2 black bears
  An ice beast (D:8)
  Pargi (Sewer)
  3 sky beasts
  An ogre (D:6)
  A lemure (D:7)
  A kobold brigand (D:7)
  3 phantoms
  A bullfrog (D:7)
  A necrophage (D:6)
  A gnoll sergeant (D:5)
  2 scorpions
  9 wights (D:7)
  A killer bee (D:8)
  3 howler monkeys (D:8)
  4 hounds
  4 orc priests
  3 jellies
  An iguana (D:5)
  4 orc wizards
  8 mummies (Ossuary)
  3 gnolls (D:5)
  12 adders
  A shadow imp (D:5)
  2 white imps
  An ufetubus (D:4)
  A worm (D:2)
  2 dart slugs
  11 orcs
  7 ball pythons
  7 bats
  8 endoplasms
  3 giant cockroaches
  A gnoll zombie (Ossuary)
  11 hobgoblins
  2 jackals (D:8)
  9 kobolds
  A quokka (D:5)
  9 frilled lizards
  8 goblins
  A goblin zombie (D:6)
  4 hobgoblin zombies (Ossuary)
  A kobold zombie (Ossuary)
  2 orc zombies (Ossuary)
  11 rats
  A bush (D:3)
181 creatures vanquished.

Vanquished Creatures (others)
  An orc wizard (D:8)
  6 plants (D:8)
7 creatures vanquished.

Grand Total: 188 creatures vanquished
